Map: [ESL] Tropical Sacrifice

Players

AqueroN

  • Race: Terran Terran
  • Spawn Location: 7:00

BattleB - Winner!

  • Race: Terran Terran
  • Spawn Location: 1:00

Event: DreamHack SC2 Masters 2022 Atlanta (Online)

VOD

Have the link to the VOD?

Description

Time

  • Played on: Oct. 2, 2022, 12:21 p.m.
  • Length: 17:40

All games in this series

Show
View Real Time Build Order
Export as new Build Order

AqueroN Terran 

Build Orders: Cyclone Opening 

Get SALT Encoding   

  12  0:00  SCV  
  13  0:12  SCV  
  14  0:17  Supply Depot  
  14  0:24  SCV  
  15  0:39  SCV  
  15  0:41  Barracks  
  16  0:44  Refinery  
  16  0:51  SCV  
  16  0:54  Refinery  
  17  1:03  SCV  
  18  1:15  SCV  
  19  1:28  Reaper, Orbital Command  
  19  1:29  Supply Depot  
  20  1:42  Factory  
  20  1:53  SCV  
  21  2:00  Reaper  
  22  2:05  SCV  
  23  2:21  Command Center, SCV  
  24  2:26  Factory Tech Lab  
  24  2:30  Supply Depot  
  24  2:32  Barracks Reactor  
  24  2:36  SCV  
  25  2:45  Cyclone  
  25  2:48  SCV  
  29  2:59  Starport  
  29  3:00  SCV  
  30  3:09  Marine x2  
  30  3:12  SCV  
  33  3:24  SCV  
  33  3:25  Cyclone  
  35  3:33  Refinery  
  37  3:36  SCV  
  37  3:37  Orbital Command  
  37  3:39  Medivac  
  38  3:42  Marine  
  38  3:44  Marine  
  40  3:49  SCV  
  40  3:54  Supply Depot  
  41  4:01  SCV  
  42  4:05  SCV  
  42  4:06  Marine x2  
  45  4:12  Factory Tech Lab  
  45  4:14  SCV  
  45  4:16  Supply Depot  
  46  4:17  SCV  
  46  4:24  Raven, Marine x2  
  47  4:29  SCV x2  
  53  4:31  Supply Depot  
  53  4:35  Siege Tank  
  56  4:41  SCV x2  
  56  4:42  Marine x2  
  52  4:53  Supply Depot, SCV x2  
  49  5:10  Siege Tank  
  51  5:18  SCV x2  
  53  5:24  Viking x2  
  57  5:30  SCV x2  
  59  5:40  Supply Depot  
  59  5:42  Refinery, SCV x2  
  61  5:47  Siege Tank  
  64  5:54  SCV x2  
  66  5:57  Viking  
  68  6:06  SCV x2  
  68  6:07  Supply Depot  
  68  6:10  Viking  
  72  6:18  SCV x2  
  72  6:19  Factory  
  74  6:27  Supply Depot  
  74  6:30  SCV x2  
  74  6:32  Viking  
  78  6:38  Siege Tank  
  81  6:40  Command Center  
  81  6:43  Viking  
  83  6:48  Supply Depot  
  83  6:50  SCV x2  
  85  6:57  Supply Depot  
  85  7:02  Viking  
  85  7:04  Siege Tank  
  85  7:05  SCV  
  85  7:06  SCV  
  92  7:13  Siege Tank  
  89  7:17  Supply Depot  
  89  7:18  SCV x2  
  91  7:24  Viking  
  93  7:32  Viking  
  93  7:35  Supply Depot x2  
  95  7:39  Siege Tank  
  95  7:41  SCV x2  
  100  7:53  Refinery, SCV  
  100  7:55  SCV  
  100  7:56  Viking  
  100  7:57  Refinery  
  104  8:02  Viking  
  104  8:05  SCV, Siege Tank  
  109  8:07  SCV  
  111  8:17  Orbital Command  
  111  8:18  SCV  
  111  8:20  SCV  
  111  8:25  Siege Tank  
  114  8:27  Supply Depot  
  114  8:28  Supply Depot, Factory  
  114  8:30  Supply Depot, SCV  
  114  8:32  SCV  
  114  8:33  Viking  
  118  8:36  Viking  
  120  8:42  SCV  
  120  8:43  Engineering Bay  
  120  8:44  SCV  
  120  8:47  SCV  
  123  8:48  Supply Depot  
  123  8:52  Factory  
  123  8:54  SCV  
  123  8:55  Factory  
  124  8:57  Siege Tank  
  124  9:00  SCV x2  
  128  9:04  Siege Tank  
  128  9:06  SCV  
  128  9:07  Viking  
  134  9:13  Viking  
  134  9:14  Factory Reactor  
  134  9:16  Missile Turret  
  126  9:29  Siege Tank  
  119  9:37  Liberator  
  110  9:41  Hellion  
  110  9:43  Liberator  
  114  9:48  SCV x2  
  116  9:53  Siege Tank  
  116  9:54  Hellion x2  
  123  10:00  SCV x2, Missile Turret x3  
  123  10:05  Command Center  
  123  10:06  Supply Depot, Armory  
  125  10:07  Supply Depot  
  125  10:10  Siege Tank  
  127  10:17  Refinery  
  127  10:18  Orbital Command  
  126  10:21  Factory Tech Lab  
  126  10:25  Viking  
  128  10:36  Viking  
  128  10:37  SCV x2  
  132  10:45  Refinery  
  132  10:48  Siege Tank  
  132  10:49  Hellion x2, SCV  
  141  10:50  SCV  
  141  10:53  SCV  
  142  11:00  Siege Tank  
  142  11:01  SCV  
  146  11:14  Siege Tank  
  146  11:17  Hellion x2  
  153  11:20  Refinery  
  153  11:29  Command Center  
  153  11:31  Viking, Armory, Orbital Command  
  155  11:37  Viking  
  157  11:49  Siege Tank  
  157  11:51  Hellion x3  
  145  12:08  Liberator  
  145  12:09  Liberator  
  145  12:13  Siege Tank  
  145  12:14  Hellion x2  
  151  12:16  SCV x3  
  151  12:17  SCV  
  149  12:30  Siege Tank x2  
  155  12:41  Supply Depot x2, Hellion x2  
  159  12:57  Refinery  
  159  12:59  Refinery  
  159  13:01  Viking x2  
  159  13:02  Thor x2  
  171  13:22  Hellion x2  
  171  13:24  Armory  
  171  13:26  Planetary Fortress  
  175  13:27  Armory  
  175  13:32  Sensor Tower  
  175  13:35  Viking x2  
  179  13:51  Hellion x2  
  189  14:10  Viking x2, Infernal Pre-Igniter  
  189  14:12  Thor x2  
  189  14:14  Terran Vehicle Weapons Level 1  
  199  14:18  Terran Vehicle And Ship Armor Level 1  
  199  14:22  Command Center  
  199  14:42  Hellion x5  
  199  14:43  Hellion  
  195  14:50  Thor  
  187  14:54  Viking x2  
  187  14:58  Factory Tech Lab, Factory  
  187  14:59  Missile Turret x2  
  191  15:01  Missile Turret, Factory  
  191  15:07  Thor  
  191  15:08  Missile Turret  
  191  15:09  Missile Turret  
  197  15:16  Smart Servos  
  190  15:32  Thor  
  191  15:37  Thor  
  175  15:57  Thor x2  
  175  16:01  Viking x2  
  191  16:04  SCV x3  
  191  16:09  Orbital Command  
  186  16:38  Thor  
  141  16:45  Thor  
  125  16:54  Viking  
  124  17:03  Siege Tank  
  124  17:04  Hellion  
Show
View Real Time Build Order
Export as new Build Order

BattleB Terran - Winner!

Build Orders:  

Get SALT Encoding   

  12  0:00  SCV  
  13  0:12  SCV  
  14  0:17  Supply Depot  
  14  0:25  SCV  
  15  0:39  SCV  
  15  0:41  Barracks  
  16  0:45  Refinery  
  16  0:51  SCV  
  16  0:54  Refinery  
  17  1:03  SCV  
  18  1:15  SCV  
  19  1:28  Reaper, Orbital Command  
  20  1:33  Supply Depot  
  20  1:42  Factory  
  20  1:53  SCV  
  21  2:00  Reaper  
  22  2:06  SCV  
  23  2:18  Command Center  
  24  2:22  SCV  
  24  2:27  Hellion  
  26  2:32  Reaper  
  26  2:34  SCV  
  28  2:39  Supply Depot  
  28  2:47  SCV  
  28  2:48  Hellion  
  31  2:56  Starport  
  31  3:01  SCV  
  31  3:05  Barracks Reactor  
  32  3:10  Factory Tech Lab  
  32  3:13  SCV  
  32  3:25  SCV  
  33  3:29  Cyclone  
  33  3:31  Orbital Command  
  36  3:36  Medivac  
  36  3:39  SCV  
  39  3:43  Marine x2  
  41  3:50  Refinery  
  41  3:51  SCV  
  42  3:56  SCV  
  42  3:59  Supply Depot  
  43  4:03  Marine x2  
  43  4:05  SCV  
  43  4:06  Starport Tech Lab  
  43  4:09  SCV  
  47  4:12  Cyclone  
  47  4:17  SCV  
  51  4:20  Supply Depot  
  51  4:22  SCV  
  51  4:23  Marine  
  53  4:27  Raven  
  53  4:28  Marine  
  54  4:31  SCV  
  55  4:40  SCV  
  55  4:41  Marine  
  55  4:43  SCV  
  58  4:46  Siege Tank, Marine  
  58  4:52  SCV  
  63  4:55  SCV  
  63  4:59  Marine  
  65  5:03  Marine  
  65  5:04  SCV  
  67  5:07  SCV  
  67  5:11  Raven  
  65  5:16  Supply Depot, SCV  
  65  5:17  Marine  
  65  5:20  Siege Tank  
  68  5:21  Marine  
  68  5:23  SCV  
  68  5:28  SCV  
  68  5:30  Command Center  
  68  5:33  Refinery  
  68  5:35  SCV, Marine  
  69  5:40  Supply Depot, SCV  
  69  5:41  Marine  
  72  5:47  SCV  
  73  5:52  SCV, Siege Tank  
  77  6:00  Marine  
  77  6:02  Raven, Marine  
  81  6:04  Supply Depot, SCV x2  
  83  6:12  Barracks  
  83  6:13  Barracks  
  83  6:16  SCV x2  
  85  6:20  Marine  
  86  6:26  Siege Tank, Marine  
  86  6:27  Supply Depot  
  90  6:34  Supply Depot  
  90  6:39  Engineering Bay  
  90  6:40  Engineering Bay  
  90  6:42  SCV x2  
  90  6:44  Orbital Command  
  92  6:53  Viking x2  
  96  6:54  SCV x2, Stimpack  
  96  6:55  Marine  
  99  7:03  Barracks Reactor x2  
  99  7:06  Terran Infantry Armor Level 1, Terran Infantry Weapons Level 1  
  99  7:09  SCV x2  
  99  7:11  SCV  
  99  7:13  Marine  
  103  7:23  Medivac x2  
  103  7:24  Orbital Command  
  103  7:28  SCV x2  
  109  7:31  Marine  
  109  7:35  Barracks  
  109  7:36  Barracks, Siege Tank  
  113  7:43  Supply Depot, SCV x2  
  115  7:44  Refinery  
  115  7:47  Refinery, Marine  
  115  7:48  Marine  
  117  7:57  Sensor Tower  
  117  8:02  Supply Depot  
  117  8:04  Supply Depot, Marine x2  
  117  8:05  SCV  
  120  8:07  Viking x2  
  120  8:08  Marine  
  120  8:10  SCV  
  120  8:11  SCV  
  125  8:17  Supply Depot  
  125  8:23  SCV, Siege Tank, Marine x3  
  125  8:26  SCV  
  133  8:29  Barracks Reactor, Marine x2  
  133  8:30  Barracks Reactor  
  133  8:32  SCV  
  136  8:35  SCV  
  136  8:39  Starport  
  136  8:40  Starport  
  136  8:41  Viking, Marine x2  
  139  8:43  Combat Shield  
  139  8:46  Viking  
  143  8:50  Supply Depot  
  143  8:57  Marine x3  
  143  9:02  Command Center  
  146  9:05  Supply Depot  
  146  9:09  Marine  
  147  9:11  Marine x3  
  147  9:12  Siege Tank, Marine  
  147  9:13  Marine  
  147  9:16  Marine  
  156  9:24  Marine  
  141  9:25  Marine  
  141  9:27  Marine  
  141  9:28  Marine  
  141  9:29  Marine  
  138  9:32  Liberator, Viking x2  
  138  9:38  Viking  
  138  9:39  Marine x2  
  138  9:41  Marine x2  
  138  9:45  Marine  
  140  9:46  Marine  
  140  9:47  Armory  
  140  9:49  Marine x2  
  143  9:56  Marine  
  143  9:57  Marine  
  143  9:59  Marine  
  147  10:02  Viking, Siege Tank  
  147  10:03  Marine x2  
  147  10:05  Marauder  
  155  10:09  Marine  
  155  10:10  SCV  
  158  10:20  Marine x2, Starport Reactor x2  
  157  10:21  Marine  
  157  10:24  Planetary Fortress  
  157  10:26  SCV, Refinery  
  157  10:27  Refinery, SCV  
  157  10:29  Barracks Tech Lab, Marine  
  157  10:30  Liberator, Marine  
  157  10:34  SCV  
  161  10:37  Terran Ship Weapons Level 1  
  161  10:38  SCV  
  161  10:42  Viking  
  164  10:55  SCV x3  
  164  10:56  Missile Turret  
  167  10:59  Missile Turret  
  167  11:02  Viking  
  167  11:03  Viking x2  
  167  11:04  Viking  
  171  11:11  Viking  
  171  11:13  Viking  
  171  11:16  Terran Infantry Weapons Level 2  
  175  11:19  Fusion Core  
  175  11:20  Terran Infantry Armor Level 2  
  175  11:24  Marauder x2, Marine  
  179  11:35  Supply Depot  
  179  11:36  Viking x2  
  183  11:41  Command Center  
  183  11:44  Supply Depot  
  183  11:45  Supply Depot  
  183  11:48  Marauder x2  
  187  11:56  Liberator, Viking x3  
  195  12:07  Viking x2  
  182  12:09  Marauder  
  171  12:21  Marine x4  
  171  12:23  Marauder, Marine  
  171  12:24  Marine  
  171  12:26  Viking x3  
  171  12:29  Siege Tank  
  172  12:30  Marauder  
  174  12:37  Viking  
  159  12:46  Marauder  
  159  12:47  Marine x4  
  159  12:50  Marine x2  
  167  12:52  Marauder  
  163  13:00  Liberator x2, Viking x2  
  163  13:01  Siege Tank  
  163  13:02  Advanced Ballistics  
  163  13:04  Marine  
  177  13:06  Planetary Fortress  
  172  13:14  Liberator x2  
  172  13:20  Terran Ship Weapons Level 2  
  168  13:27  Refinery  
  168  13:28  Refinery, Marauder  
  168  13:29  Liberator  
  173  13:34  Marine x2  
  173  13:35  Marine x2  
  173  13:36  Liberator  
  180  13:47  Viking x2  
  184  13:51  Starport  
  184  13:57  Siege Tank  
  184  14:02  Viking x2  
  191  14:12  Viking  
  191  14:16  Sensor Tower  
  191  14:17  Liberator x2  
  193  14:21  Armory  
  181  14:43  SCV  
  181  14:44  SCV x3  
  181  14:45  SCV  
  183  14:47  Liberator x2, Viking  
  188  14:55  SCV  
  188  14:56  SCV x3  
  188  14:57  SCV  
  193  15:04  Marine x2  
  193  15:05  Starport Reactor, Marauder x2, Marine  
  200  15:12  Terran Vehicle And Ship Armor Level 1  
  194  15:43  Medivac x2  
  194  15:44  Medivac  
  200  15:56  Siege Tank  
  189  16:18  Command Center  
  189  16:20  Refinery  
  186  16:27  Command Center  
  186  16:28  Command Center  
  186  16:29  Command Center  
  186  16:32  Viking x2  
  190  16:35  Viking  
  190  16:36  Viking x2  
  190  16:39  Marine x2  
  180  16:40  Marine  
  180  16:44  Marine  
  180  16:45  Marauder  
  173  16:47  Refinery  
  173  16:51  Marine  
  173  16:52  Marauder  
  173  16:54  Marine  
  172  17:03  Marine x3  
  172  17:07  Marauder  
  175  17:09  Marine  
  175  17:13  Marauder  
  167  17:23  Missile Turret  
  167  17:25  Missile Turret  
Tags
 
Add a new tag
Caveats
  • Supply blocks, unpowered buildings, or Contaminate may cause inaccurate times.
  • Supply counts are checked every 10 seconds.